 Dungeon Crawl Stone Soup version 0.28-a0-1365-g7e0445c96d (webtiles) character file.

Game seed: 5533864944948069432

466 Lekart the Skirmisher (level 6, -1/79 HPs)
             Began as a Draconian Chaos Knight on Dec 31, 2021.
             Was a Plaything of Xom.
             Slain by a gnoll (9 damage)
             ... on level 4 of the Dungeon.
             The game lasted 00:05:13 (4355 turns).

Lekart the Skirmisher (Draconian Chaos Knight)      Turns: 4355, Time: 00:05:14

Health: -1/79      AC: 23    Str: 14    XL:     6   Next: 81%
Magic:  6/6        EV: -1    Int: 13    God:    Xom [*.....]
Gold:   157        SH:  0    Dex: 12    Spells: 5/5 levels left

rFire   + . .      SeeInvis .   e - +2 flail (drain)
rCold   + . .      Faith    .   (no shield)
rNeg    . . .      Spirit   .   (armour unavailable)
rPois   +          Reflect  .   (helmet currently unavailable)
rElec   +          Harm     .   (cloak currently unavailable)
rCorr   +          Rampage  .   (gloves currently unavailable)
Will    +....      NoTele   +   (boots currently unavailable)
Stlth   ++........              (no amulet)
HPRegen 0.23/turn               k - ring of willpower
MPRegen 0.10/turn               (no ring)

@: tree-form, resistant, constricted
A: stationary, stasis, torment immunity, boosted hp, AC +6, unfitting armour,
(cold-blooded)
a: Renounce Religion


You were on level 4 of the Dungeon.
You worshipped Xom.
You were a special plaything of Xom.
You were a tree.
You visited 1 branch of the dungeon, and saw 4 of its levels.

You collected 157 gold pieces.

Inventory:

Hand Weapons
 a - a +0 hand axe of chaos
 e - a +2 flail of draining (weapon)
Missiles
 m - 35 poisoned darts (quivered)
Jewellery
 i - a ring of fire
 k - a ring of willpower (left branch)
Wands
 o - a wand of flame (15)
Scrolls
 c - a scroll of silence
 d - 2 scrolls of teleportation
Potions
 b - a potion of mutation
 j - 2 potions of attraction {unknown}


   Skills:
 + Level 4.6 Fighting
 + Level 3.7(4.6) Axes
 + Level 4.1(4.8) Maces & Flails
 + Level 0.3 Throwing
 + Level 3.8 Dodging
 + Level 1.7 Stealth


You had 5 spell levels left.
You didn't know any spells.
Your spell library was empty.

Dungeon Overview and Level Annotations

Branches:
Dungeon (4/15)
 Temple: D:4-7

Altars:
Gozag
Nemelex Xobeh
The Shining One


Innate Abilities, Weirdness & Mutations

You are a tree.
Your roots penetrate the ground, keeping you stationary.
You cannot be teleported.
You are immune to unholy pain and torment.
Your maximum health is greatly increased.
Your equipment is partially melded.
((Your plain brown scales are hard. (AC +6)))
You cannot fit into any form of body armour.
((You are cold-blooded and may be slowed by cold attacks.))


Message History

* * * LOW HITPOINT WARNING * * *
The gnoll hits you with a +0 club.
* * * LOW HITPOINT WARNING * * *
You cannot move. (Use ctrl+direction or * direction to attack without moving.)
You feel better. The gnoll completely misses you.
The gnoll hits you but does no damage.
You are electrocuted!
* * * LOW HITPOINT WARNING * * *
The gnoll sergeant hits you but does no damage.
As you read the scroll labelled EMUOM ESTROEPACW, it crumbles to dust.
You speak a Word of immense power!
It was a scroll of holy word. "This might be better!"
The gnoll sergeant evaporates and reforms as a naga!
The gnoll hits you but does no damage.
The gnoll hits you from afar with a +4 halberd of chaos.
* * * LOW HITPOINT WARNING * * *
The naga picks up a +0 spear.
The naga wields a +0 spear.
As you read the scroll labelled JIDGHO OSTROD, it crumbles to dust.
You hear a loud clanging noise!
It was a scroll of noise.
You hear a shout!
The gnoll barely misses you. The gnoll hits you but does no damage.
The naga barely misses you. The naga grabs you. The naga constricts you.
You feel better. The gnoll hits you with a +0 spear.
* * * LOW HITPOINT WARNING * * *
The gnoll hits you but does no damage. The naga hits you but does no damage.
The naga constricts you.
It was a potion of resistance.
You feel protected.
Xom roars with laughter!
The gnoll hits you with a +0 spear.
* * * LOW HITPOINT WARNING * * *
The gnoll hits you from afar with a +4 halberd of chaos.
* * * LOW HITPOINT WARNING * * *
The naga hits you but does no damage. The naga constricts you.
* * * LOW HITPOINT WARNING * * *
You feel better. The gnoll hits you with a +0 spear.
* * * LOW HITPOINT WARNING * * *
The gnoll hits you from afar with a +4 halberd of chaos!
You die...
Xom is highly amused!

#######
##.....##
##...8...##
#....!....#
#.⌠._._.⌠.#
#...N.g...#
#..♣8...###
##gg)..##.#
###'###..#
#......#
##.....#
###.###
###.####
#......####.#
#.#[........#


You could see a naga and 3 gnolls.

Vanquished Creatures
  Sigmund (D:4)
  A kobold brigand (D:3)
  A crimson imp (D:3)
  A centaur skeleton (D:4)
  Ijyb (D:4)
  Robin (D:2)
  4 adders
  A gnoll (D:4)
  A worm (D:2)
  2 dart slugs
  An orc (D:3)
  6 ball pythons
  5 bats
  5 endoplasms
  3 giant cockroaches
  16 goblins
  5 hobgoblins
  5 quokkas
  5 frilled lizards
  3 goblin skeletons (D:3)
  2 goblin zombies (D:3)
  4 hobgoblin zombies (D:3)
  4 kobolds
  A kobold skeleton (D:3)
  An orc skeleton (D:3)
  An orc zombie (D:3)
  4 rats
85 creatures vanquished.

Notes
Turn   | Place    | Note
-------+----------+-------------------------------------------
     0 | D:1      | Lekart the Draconian Chaos Knight began the quest for the
                  | Orb.
     0 | D:1      | Reached XP level 1. HP: 19/19 MP: 1/1
   490 | D:1      | Reached XP level 2. HP: 24/26 MP: 2/2
   501 | D:1      | Found a faded altar of an unknown god.
   618 | D:1      | XOM: 2-stop teleportation journey
   799 | D:1      | XOM: silly message
  1063 | D:1      | Reached XP level 3. HP: 33/33 MP: 3/3
  1175 | D:1      | XOM is BORED!
  1437 | D:2      | XOM: 2-stop teleportation journey
  1466 | D:2      | XOM: silly message
  1782 | D:2      | XOM: god gift: scratched iron ring {god gift}
  1834 | D:2      | XOM: scenery: summon butterflies
  2472 | D:2      | Identified the +3 helmet of Wisdom {rCorr}
  2472 | D:2      | Noticed Robin
  2519 | D:1      | XOM is BORED!
  2519 | D:1      | XOM: noise
  2521 | D:1      | Reached XP level 4. HP: 22/40 MP: 4/4
  2665 | D:2      | Reached skill level 1 in Maces & Flails
  2671 | D:2      | Killed Robin
  3054 | D:3      | XOM: god gift: scroll labelled FUUTIA MUOGYB {god gift}
  3065 | D:3      | XOM is BORED!
  3111 | D:3      | Noticed a kobold brigand
  3130 | D:3      | Found a glowing golden altar of the Shining One.
  3142 | D:3      | Reached skill level 1 in Stealth
  3142 | D:3      | Reached XP level 5. HP: 45/46 MP: 5/5
  3591 | D:3      | XOM: noise
  3734 | D:3      | XOM: cloud trail
  3837 | D:3      | XOM: divination: detect creatures
  3982 | D:4      | Noticed Sigmund
  4081 | D:3      | XOM: noise
  4185 | D:4      | XOM: potion effect (invisibility)
  4191 | D:4      | Killed Sigmund
  4192 | D:4      | Reached XP level 6. HP: 50/53 MP: 6/6
  4246 | D:4      | Noticed Ijyb
  4254 | D:4      | Killed Ijyb
  4339 | D:4      | Found an opulent altar of Gozag.
  4340 | D:4      | Found a sparkling altar of Nemelex Xobeh.
  4344 | D:4      | XOM: blink monster(s)
  4346 | D:4      | XOM: chaos upgrade
  4348 | D:4      | XOM: swap monsters
  4349 | D:4      | XOM: confusion
  4351 | D:4      | Noticed a naga
  4351 | D:4      | a gnoll sergeant changed into a naga
  4351 | D:4      | XOM: polymorph gnoll sergeant -> naga
  4355 | D:4      | Slain by a gnoll

Illustrated notes

Levels and vault maps discovered:
D:1:      dpeg_arrival_castle, layout_basic, ebering_ecumenical_altar_box
D:2:      layout_basic, roderic_nine_men_s_morris, serial_park_tiny_2,
          kennysheep_generic_room_12, uniq_robin
D:3:      layout_loops_cross, nicolae_tso_besieged_by_evil
D:4:      layout_loops_cross, grunt_temple_overflow_opulence,
          nicolae_uskayaw_suspiria, lemuel_doored_altar, uniq_sigmund, uniq_ijyb

Skill      XL: |  1  2  3  4  5  6 |
---------------+-------------------+-----
Fighting       | 4 |  4.6
Maces & Flails | 1 3 4 |  4.1
Dodging        | 3 |  3.8
Stealth        | 1 |  1.7
Axes           | |  3.7
Throwing       | |  0.3

Action                   |  1- 3 |  4- 6 || total
-------------------------+-------+-------++-------
Melee: Hand axe          |    39 |       ||    39
       Tailslap          |    11 |    15 ||    26
       Flail             |    62 |   124 ||   186
Throw: Dart              |       |     5 ||     5
  Use: Scroll            |       |     7 ||     7
       Potion            |       |     5 ||     5
 Stab: Sleeping          |     1 |     1 ||     2
       Invisible         |       |     3 ||     3
Armor: Skin              |    51 |    68 ||   119
Dodge: Dodged            |    91 |   112 ||   203

Table legend: (Time is in decaauts)
 A = Elapsed time spent in this place.
 B = Non-inter-level travel time spent in this place.
 C = Inter-level travel time spent in this place.
 D = Time resting spent in this place.
 E = Time spent auto-exploring this place.
 F = Levels seen in this place.
 G = Mean time per level.
                   A        B        C        D        E       F      G
               +--------+--------+--------+--------+--------+-----+--------+
         Total |   4413 |   4370 |     43 |   1039 |   2660 |   4 | 1103.2 |
       Dungeon |   4413 |   4370 |     43 |   1039 |   2660 |   4 | 1103.2 |
               +--------+--------+--------+--------+--------+-----+--------+

Top non-repeatable levels by time:
     D:1: 1551 daAuts
     D:2: 1433 daAuts
     D:3: 1247 daAuts
     D:4: 181 daAuts
